 Dungeon Crawl Stone Soup version 0.29-a0-802-g34511f41fd (webtiles) character file.

Game seed: 327524192180692420

99 polve the Cutter (level 4, -10/35 HPs)
             Began as a Demonspawn Abyssal Knight on July 3, 2022.
             Was a Priest of Lugonu.
             Blown up by Ijyb (13 damage)
             ... with a mindburst bolt
             ... on level 3 of the Dungeon.
             The game lasted 00:03:01 (4792 turns).

polve the Cutter (Demonspawn Abyssal Knight)        Turns: 4792, Time: 00:03:01

Health: -10/35     AC:  9    Str: 12 (15) XL:     4   Next: 45%
Magic:  6/6        EV: 11    Int: 10 (11) God:    Lugonu [***...]
Gold:   121        SH:  5    Dex: 13 (14) Spells: 3/3 levels left

rFire   + + .      SeeInvis .   a - +1 short sword
rCold   + . .      Faith    .   (no shield)
rNeg    . . .      Spirit   .   y - +3 leather armour
rPois   +          Reflect  +   w - +2 hat
rElec   +          Harm     .   e - +0 cloak
rCorr   +          Rampage  .   (no gloves)
Will    .....                   (no boots)
Stlth   +.........              o - amulet of reflection
HPRegen 0.11/turn               f - ring of protection from fire
MPRegen 0.20/turn               (no ring)

@: brilliant, lethally poisoned (-10 -> -13), resistant, attractive, flying
A: antennae 1, magic regeneration
a: Renounce Religion, Depart the Abyss, Bend Space, Banish


You were on level 3 of the Dungeon.
You worshipped Lugonu.
Lugonu was most pleased with you.
You visited 1 branch of the dungeon, and saw 3 of its levels.
You visited the Abyss 1 time.

You collected 121 gold pieces.

Inventory:

Hand Weapons
 a - a +1 short sword (weapon)
Armour
 e - a +0 cloak (worn)
 w - a +2 hat (worn)
 y - a +3 leather armour (worn)
Jewellery
 f - a ring of protection from fire (left hand)
 o - an amulet of reflection (around neck)
Wands
 A - a wand of light (1)
 B - a wand of mindburst (14)
Scrolls
 d - a scroll of brand weapon {unknown}
 g - a scroll of noise {unknown}
 i - a scroll of summoning {unknown}
 n - 2 scrolls of magic mapping {unknown}
 p - a scroll of enchant armour {unknown}
 r - a scroll of vulnerability {unknown}
 u - a scroll of fear {unknown}
 v - 2 scrolls of teleportation {unknown}
 x - 2 scrolls of blinking {unknown}
 z - a scroll of identify {unknown}
Potions
 s - a potion of berserk rage {unknown}
 t - a potion of invisibility {unknown}


   Skills:
 - Level 3.0 Fighting
 - Level 4.0 Short Blades
 - Level 1.7 Armour
 - Level 0.8 Dodging
 + Level 3.4 Invocations


You had 3 spell levels left.
You didn't know any spells.
Your spell library contained the following spells:

 Spells                   Type           Power      Damage    Failure   Level
 Static Discharge         Conj/Air       0%         3-3/arc   58%         2
 Summon Ice Beast         Ice/Summ       0%         N/A       99%         4
 Lightning Bolt           Conj/Air       0%         1d11      100%        5
 Summon Mana Viper        Hex/Summ       0%         N/A       100%        5
 Monstrous Menagerie      Summ           0%         N/A       100%        7
 Maxwell's Capacitive Co  Air            0%         ∞         100%        8


Dungeon Overview and Level Annotations

Branches:
Dungeon (3/15)

Altars:
Gozag

Shops:
D:2 =

Annotations:
D:3 1 transporter, Ijyb


Innate Abilities, Weirdness & Mutations

You have a pair of small antennae on your head.
You regenerate magic rapidly.


Message History

You hit Ijyb but do no damage.
Ijyb is lightly wounded.
Ijyb screams, "Level is mine!
All mine!"
Ijyb hits you with a +2 dagger of venom.
You are poisoned.
You hit Ijyb but do no damage.
Ijyb is lightly wounded.
You feel sick. Ijyb misses you.
You hit Ijyb but do no damage.
Ijyb is lightly wounded.
You feel sick. Ijyb completely misses you.
You hit Ijyb.
Ijyb is moderately wounded.
You feel sick. You block Ijyb's attack.
You hit Ijyb.
Ijyb is heavily wounded.
You feel sick. Ijyb barely misses you.
It was a potion of attraction.
You feel attractive to monsters.
You feel sick.
Ijyb zaps a wand.
You barely resist.
It was a potion of degeneration.
There was something very wrong with that liquid.
You feel weakened.
You feel dopey.
You feel clumsy.
You feel sick. You block Ijyb's attack.
It was a potion of flight.
You feel very buoyant.
You fly up into the air.
You feel sick. Ijyb barely misses you.
It was a potion of magic.
Magic courses through your body.
You feel sick.
You are no longer poisoned.
Ijyb hits you but does no damage.
You are poisoned.
It was a potion of brilliance.
You feel clever all of a sudden.
You feel sick.
Ijyb zaps a wand.
Your mind is blasted!
* * * LOW HITPOINT WARNING * * *
It was a potion of resistance.
You feel protected.
* * * LOW HITPOINT WARNING * * *
You feel sick.
Ijyb zaps a wand.
Your mind is blasted!
You die...

### ### ##.# #.# ..# #.#
#.# #.#
#########.###.#######
......g@.............
####..###.###.###.###
##. #.# #.# ###
#......##.###.###.# ..#
#......##.........# ..#
# #......##.###.#####
..##.# # .....##.###.#
...#.##### .........†..#
.........####..###.###.#


You could see Ijyb.

Vanquished Creatures
  2 adders
  2 worms (D:2)
  A dart slug (D:1)
  An orc (D:3)
  5 bats
  5 endoplasms
  5 giant cockroaches
  12 goblins
  11 hobgoblins
  7 kobolds
  2 quokkas
  6 ball pythons
  4 frilled lizards
  4 rats
67 creatures vanquished.

Notes
Turn   | Place    | Note
-------+----------+-------------------------------------------
     0 | Abyss:1  | polve the Demonspawn Abyssal Knight began the quest for the
                  | Orb.
     0 | Abyss:1  | Reached XP level 1. HP: 18/18 MP: 2/2
   192 | Abyss:1  | Noticed a yellow draconian
   193 | D:1      | Escaped the Abyss
   232 | D:1      | Reached skill level 2 in Short Blades
   440 | D:1      | Gained mutation: You regenerate magic rapidly. [demonic
                  | ancestry]
   440 | D:1      | Reached XP level 2. HP: 19/24 MP: 3/3
   709 | D:1      | Reached skill level 3 in Short Blades
  1135 | D:1      | You fall into a shaft and drop 1 floor!
  1322 | D:2      | Reached XP level 3. HP: 29/29 MP: 4/4
  2358 | D:1      | Found a faded altar of an unknown god.
  2465 | D:1      | Reached *** piety under Lugonu
  3321 | D:2      | Found Anwitz's Jewellery Boutique.
  3392 | D:2      | Gained mutation: You have a pair of small antennae on your
                  | head. [demonic ancestry]
  3392 | D:2      | Reached XP level 4. HP: 33/35 MP: 5/5
  3624 | D:2      | Reached skill level 4 in Short Blades
  4413 | D:3      | Found an opulent altar of Gozag.
  4433 | D:3      | Noticed an ogre
  4434 | D:3      | Found a transporter.
  4762 | D:3      | Noticed Ijyb
  4792 | D:3      | Blown up by Ijyb

Illustrated notes

Levels and vault maps discovered:
D:1:      eino_arrival_tree_alley, layout_loops_cross,
          hellmonk_ecumenical_altar_crossroads, minmay_tetromino_o4
D:2:      layout_basic, serial_shops, shop, chequers_serial_rivers_large_b,
          minivault_5, minmay_liquid_box, minivault_19,
          corexii_item_surrounded_by_moat, minmay_ruptured
D:3:      layout_basic, grunt_gozag_statues, gammafunk_ghost_smash, uniq_ijyb

Skill      XL: |  1  2  3  4 |
---------------+-------------+-----
Short Blades   | 2 3 4 |  4.0
Invocations    | 3 |  3.4
Fighting       | |  3.0
Armour         | |  1.7
Dodging        | |  0.8

Action                   |  1- 3 |  4- 6 || total
-------------------------+-------+-------++-------
Melee: Short sword       |   170 |    87 ||   257
Invok: Depart the Abyss  |     1 |       ||     1
  Use: Potion            |       |    10 ||    10
 Stab: Sleeping          |       |     1 ||     1
Armor: Leather armour    |    37 |    30 ||    67
Dodge: Dodged            |    90 |    34 ||   124
Block: Other             |    13 |    15 ||    28

Table legend: (Time is in decaauts)
 A = Elapsed time spent in this place.
 B = Non-inter-level travel time spent in this place.
 C = Inter-level travel time spent in this place.
 D = Time resting spent in this place.
 E = Time spent auto-exploring this place.
 F = Levels seen in this place.
 G = Mean time per level.
                   A        B        C        D        E       F      G
               +--------+--------+--------+--------+--------+-----+--------+
         Total |   4824 |   4665 |    159 |      0 |   4081 |   4 | 1206.0 |
       Dungeon |   4631 |   4472 |    159 |      0 |   3891 |   3 | 1543.7 |
         Abyss |    193 |    193 |      0 |      0 |    190 |   1 |  193.0 |
               +--------+--------+--------+--------+--------+-----+--------+

Top non-repeatable levels by time:
     D:2: 2042 daAuts
     D:1: 1875 daAuts
     D:3: 713 daAuts
 Abyss:1: 193 daAuts
